[Event "fics rated crazyhouse match"]
[Site "fics, Oklahoma City, OK USA"]
[Date "2000.12.02"]
[White "pminear"]
[WhiteElo "2549"]
[Black "LINDEGREN"]
[BlackElo "2379"]
[TimeControl "60+0"]
[Result "1-0"]

1. e4 Nf6 2. Nc3 Nc6 3. d4 d5 4. exd5 Nxd5 5. Nf3 e6 6. Bd3 
Bb4 7. Bd2 P@a3 8. Nxd5 Bxd2+ 9. Qxd2 axb2 10. Rd1 exd5 11. Qe3+ P@e6 
12. N@h5 B@f8 13. B@g5 f6 14. Bxf6 gxf6 15. P@g7 Bxg7 16. Nxg7+ Kf7 17. Nh5 
B@c1 18. Rxc1 bxc1=Q+ 19. Qxc1 P@g6 20. Nf4 N@c3 21. O-O R@g4 22. Kh1 e5 
23. dxe5 Nxe5 24. Nxe5+ fxe5 25. P@e6+ Bxe6 26. Nxe6 Kxe6 27. N@c5+ Ke7 28. B@g5+ 
P@f6 29. Bxf6+ Kxf6 30. P@g5+ Kf7 31. B@e6+ Ke7 32. P@f6+ Kd6 33. B@e7+ Kc6 
34. Bxg4 P@h3 35. Bxh3 B@f3 36. Bxd8 Bxg2+ 37. Bxg2 N@g3+ 38. hxg3 Raxd8 39. N@b4+ 
Kd6 40. Q@e6+ Kxc5 41. Qe3# 
{LINDEGREN forfeits on time} 1-0

[Event "fics rated crazyhouse match"]
[Site "fics, Oklahoma City, OK USA"]
[Date "2000.12.02"]
[White "LINDEGREN"]
[WhiteElo "2375"]
[Black "pminear"]
[BlackElo "2553"]
[TimeControl "60+0"]
[Result "0-1"]

1. e4 e5 2. Nf3 Nc6 3. Bc4 Bc5 4. O-O Nf6 5. d3 O-O 6. Nc3 
d6 7. Be3 Bg4 8. h3 Bh5 9. Bxc5 dxc5 10. B@e2 Bxf3 11. Bxf3 Nd4 
12. B@h4 N@f4 13. Bxf6 Qxf6 14. N@g4 Qg5 15. Nd5 Nxd5 16. exd5 Nxf3+ 17. Qxf3 
N@d4 18. Qe4 B@f5 19. Qxe5 Bxg4 20. Qxg5 N@f3+ 21. Kh1 Nxg5 22. P@f6 B@h6 
23. fxg7 Bxg7 24. hxg4 B@f3 25. Q@h2 P@h3 26. N@h4 Bxg2+ 27. Nxg2 hxg2+ 28. Kxg2 
Q@f3+ 29. Kg1 Ne2# 
{LINDEGREN checkmated} 0-1

[Event "fics rated crazyhouse match"]
[Site "fics, Oklahoma City, OK USA"]
[Date "2000.12.02"]
[White "pminear"]
[WhiteElo "2557"]
[Black "LINDEGREN"]
[BlackElo "2371"]
[TimeControl "60+0"]
[Result "1-0"]

1. e4 e6 2. Nc3 b6 3. d4 Bb7 4. Bd3 Nf6 5. Bg5 Be7 6. Nf3 
d5 7. e5 Ne4 8. Bxe7 Qxe7 9. B@h4 f6 10. exf6 gxf6 11. Bxe4 dxe4 
12. Bxf6 Qxf6 13. P@e5 Qe7 14. N@f6+ Kd8 15. Ncxe4 B@f4 16. P@d6 cxd6 17. exd6 
Bxd6 18. Nxd6 B@b4+ 19. P@c3 Bxd6 20. P@e5 N@f4 21. B@f1 P@e2 22. Bxe2 Nxg2+ 
23. Kd2 B@f4+ 24. P@e3 Nxe3 25. fxe3 Bxe3+ 26. Kxe3 Bc7 27. B@d6 Bxd6 28. exd6 
Qxf6 29. B@e7+ Kc8 30. Bxf6 N@f5+ 31. Kf2 B@e3+ 32. Kf1 P@g2+ 33. Kxg2 P@h3+ 
34. Kxh3 P@g4+ 35. Kxg4 h5+ 36. Kh3 P@g4+ 37. Kg2 Bxf3+ 38. Bxf3 gxf3+ 39. Qxf3 
N@h4+ 40. Kf1 P@e2+ 41. Kxe2 
{LINDEGREN forfeits on time} 1-0

[Event "fics rated crazyhouse match"]
[Site "fics, Oklahoma City, OK USA"]
[Date "2000.12.02"]
[White "pminear"]
[WhiteElo "2565"]
[Black "LINDEGREN"]
[BlackElo "2363"]
[TimeControl "60+0"]
[Result "0-1"]

1. e4 e6 2. Nc3 Nf6 3. e5 Nd5 4. Nxd5 exd5 5. d4 d6 6. Nf3 
Nc6 7. Bb5 Be7 8. Qe2 O-O 9. Bxc6 bxc6 10. exd6 Bxd6 11. P@h6 Re8 
12. N@e5 B@f6 13. N@h5 P@g4 14. hxg7 gxf3 15. Nxf6+ Qxf6 16. gxf3 Bxe5 17. dxe5 
Rxe5 18. B@e3 N@g2+ 19. Kd1 N@f4 20. B@d4 Nxe2 21. Bxe5 Qxe5 22. R@f8+ Kxg7 
23. Bh6+ Kg6 24. Rg8+ P@g7 25. Rxg7+ Qxg7 26. Bxg7 N@c3+ 27. bxc3 Nxc3+ 28. Bxc3 
P@e2+ 29. Kxe2 N@f4+ 30. Bxf4 Nxf4+ 31. Kd2 R@e2+ 32. Kc1 Rxc2+ 33. Kxc2 B@d3+ 
34. Kb2 Q@c2+ 35. Ka3 Qxc3+ 36. P@b3 B@b2+ 37. Ka4 P@b5# 
{pminear checkmated} 0-1

[Event "fics rated crazyhouse match"]
[Site "fics, Oklahoma City, OK USA"]
[Date "2000.12.02"]
[White "pminear"]
[WhiteElo "2557"]
[Black "LINDEGREN"]
[BlackElo "2371"]
[TimeControl "60+0"]
[Result "1-0"]

1. e4 e6 2. Nc3 b6 3. d4 Bb7 4. Bd3 Nf6 5. Bg5 Be7 6. Nf3 
d5 7. e5 Ne4 8. Bxe7 Qxe7 9. B@h4 f6 10. exf6 Nxf6 11. P@e5 Nbd7 
12. exf6 gxf6 13. N@h5 P@g7 14. Nb5 Rc8 15. Nxa7 O-O 16. Nxc8 Rxc8 17. P@g6 
P@e4 18. R@f7 Qxf7 19. gxf7+ Kxf7 20. Ne5+ Nxe5 21. dxe5 B@h6 22. O-O exd3 
23. exf6 gxf6 24. N@e5+ fxe5 25. Q@f6+ Kg8 26. P@f7+ Kf8 27. Qe7# 
{LINDEGREN checkmated} 1-0

[Event "fics rated crazyhouse match"]
[Site "fics, Oklahoma City, OK USA"]
[Date "2000.12.02"]
[White "LINDEGREN"]
[WhiteElo "2367"]
[Black "pminear"]
[BlackElo "2561"]
[TimeControl "60+0"]
[Result "0-1"]

1. e4 e5 2. Nf3 Nc6 3. Bc4 Bc5 4. O-O Nf6 5. Nc3 O-O 6. d3 
d6 7. Ng5 Qe7 8. Be3 Bxe3 9. fxe3 B@h6 10. Nxf7 Rxf7 11. Bxf7+ Qxf7 
12. B@f5 Bxe3+ 13. P@f2 Bxf2+ 14. Rxf2 P@e3 15. Rf1 N@f2 16. Qe2 B@h6 17. B@g3 
Nd4 18. Qe1 Bxf5 19. Bxf2 exf2+ 20. Rxf2 B@e3 21. N@h1 Bxf2+ 22. Nxf2 P@e3 
23. exf5 exf2+ 24. Qxf2 B@e3 25. B@g3 Bxf2+ 26. Bxf2 N@h3+ 27. gxh3 Nf3+ 28. Kh1 
R@g5 29. B@g3 Rxf5 30. B@g2 Ng5 31. P@f3 Nxf3 32. Bxf3 Rxf3 33. P@g2 Rf5 
34. N@e4 B@c6 35. Nxf6+ Rxf6 36. N@e4 Bxe4 37. Nxe4 P@f3 38. Nxf6+ Qxf6 39. gxf3 
P@f7 40. P@g2 N@d4 41. N@e4 N@h5 42. Nxf6+ gxf6 43. Bxd4 Q@g7 44. N@f5 N@g6 
45. Nxg7 Bxg7 46. R@e7 Kh8 
{LINDEGREN forfeits on time} 0-1

[Event "fics rated crazyhouse match"]
[Site "fics, Oklahoma City, OK USA"]
[Date "2000.12.02"]
[White "pminear"]
[WhiteElo "2565"]
[Black "LINDEGREN"]
[BlackElo "2363"]
[TimeControl "60+0"]
[Result "0-1"]

1. e4 e6 2. Nc3 Nf6 3. e5 d5 4. exf6 gxf6 5. d4 Nc6 6. Bb5 
Rg8 7. Qh5 Rxg2 8. Qxh7 Bd7 9. P@g3 Nxd4 10. Bxd7+ Qxd7 11. B@f1 B@g6 
12. Bxg2 Bxh7 13. R@d2 Nxc2+ 14. Rxc2 Bxc2 15. Bd2 P@a3 16. bxa3 P@b2 17. Rd1 
Bxd1 18. N@h5 Bxh5 19. N@d4 N@d3+ 20. Kf1 R@c1+ 21. Bxc1 R@e1# 
{pminear checkmated} 0-1

[Event "fics rated crazyhouse match"]
[Site "fics, Oklahoma City, OK USA"]
[Date "2000.12.02"]
[White "LINDEGREN"]
[WhiteElo "2375"]
[Black "pminear"]
[BlackElo "2553"]
[TimeControl "60+0"]
[Result "1-0"]

1. e4 e5 2. Nc3 Nc6 3. Nf3 Bc5 4. Bc4 Nf6 5. O-O O-O 6. d3 
d6 7. h3 Nd4 8. Nxd4 Bxd4 9. Ne2 Bb6 10. Ng3 Be6 11. N@f5 Bxf5 
12. Nxf5 N@d4 13. B@e7 Nxf5 14. Bxd8 Ng3 15. Bxf6 N@e2+ 16. Kh2 gxf6 17. fxg3 
B@g7 18. Qxe2 N@d4 19. Qd1 h6 20. N@f5 Nxf5 21. exf5 N@g5 22. N@g6 Kh7 
23. Bxg5 fxg5 24. Nxf8+ Rxf8 25. Bxf7 N@h8 26. P@g6# 
{pminear resigns} 1-0

[Event "fics rated crazyhouse match"]
[Site "fics, Oklahoma City, OK USA"]
[Date "2000.12.02"]
[White "pminear"]
[WhiteElo "2541"]
[Black "LINDEGREN"]
[BlackElo "2387"]
[TimeControl "60+0"]
[Result "1-0"]

1. e4 e6 2. Nc3 Nf6 3. e5 Nd5 4. Nxd5 exd5 5. d4 Nc6 6. Nf3 
Bb4+ 7. Bd2 Bxd2+ 8. Qxd2 N@e4 9. Qf4 B@h6 10. Qg4 d6 11. Qh5 dxe5 
12. dxe5 P@g6 13. Qxh6 gxh6 14. B@g7 Rg8 15. N@f6+ Nxf6 16. Bxf6 Qd7 17. N@g7+ 
Kf8 18. B@c5+ N@e7 19. P@d6 cxd6 20. exd6 Q@a5+ 21. P@b4 Qxc5 22. bxc5 B@b4+ 
23. c3 Bxc5 24. dxe7+ Bxe7 25. Bxe7+ Qxe7+ 26. B@e3 Rxg7 27. N@d4 P@e5 28. Nxc6 
bxc6 29. Bd3 N@f4 30. Bxf4 exf4+ 31. N@e5 P@e3 32. O-O exf2+ 33. Rxf2 B@e3 
34. Q@h8+ B@g8 35. Qxg7+ Kxg7 36. P@f6+ Qxf6 37. N@e8+ Kf8 38. Nxf6 
{LINDEGREN forfeits on time} 1-0

[Event "fics rated crazyhouse match"]
[Site "fics, Oklahoma City, OK USA"]
[Date "2000.12.02"]
[White "LINDEGREN"]
[WhiteElo "2382"]
[Black "pminear"]
[BlackElo "2546"]
[TimeControl "60+0"]
[Result "0-1"]

1. e4 e5 2. Nf3 Nc6 3. d4 exd4 4. Nxd4 Nf6 5. Nxc6 bxc6 6. Bd3 
d6 7. N@f5 Bxf5 8. exf5 Qe7+ 9. Be3 P@d4 10. O-O dxe3 11. fxe3 Qxe3+ 
12. P@f2 Qe7 13. B@b7 Rd8 14. Bxc6+ P@d7 15. Bxd7+ Rxd7 16. Re1 N@e5 17. Rxe5 
Qxe5 18. P@c6 R@e1+ 19. N@f1 Rxd1 20. cxd7+ Nxd7 21. R@c8+ B@d8 22. Rxd8+ Kxd8 
23. B@g3 P@e2 24. Bxe2 Qxe2 
{LINDEGREN resigns} 0-1

[Event "fics rated crazyhouse match"]
[Site "fics, Oklahoma City, OK USA"]
[Date "2000.12.02"]
[White "pminear"]
[WhiteElo "2550"]
[Black "LINDEGREN"]
[BlackElo "2378"]
[TimeControl "60+0"]
[Result "1-0"]

1. e4 Nf6 2. e5 Nd5 3. Nf3 e6 4. d4 Nc6 5. Be2 d6 6. O-O 
Bd7 7. c4 Nb6 8. Nc3 Be7 9. exd6 Bxd6 10. c5 Nd5 11. Nxd5 exd5 
12. cxd6 cxd6 13. B@h4 f6 14. N@h5 Rg8 15. P@h6 N@f5 16. hxg7 Nxh4 17. Nxh4 
B@f7 18. Bg4 Bxg4 19. Qxg4 B@e6 20. P@f5 Nxd4 21. Qxd4 Bxf5 22. Nxf6+ Qxf6 
23. Qxf6 P@e7 24. Qxf5 
{LINDEGREN resigns} 1-0

[Event "fics rated crazyhouse match"]
[Site "fics, Oklahoma City, OK USA"]
[Date "2000.12.02"]
[White "LINDEGREN"]
[WhiteElo "2374"]
[Black "pminear"]
[BlackElo "2554"]
[TimeControl "60+0"]
[Result "0-1"]

1. e4 e5 2. Nc3 Nc6 3. Nf3 Bc5 4. Bc4 Nf6 5. Bxf7+ Kxf7 6. Ng5+ 
Kf8 7. O-O B@h5 8. P@f3 d6 9. Ne2 h6 10. Nh3 Bxh3 11. gxh3 Bxf3 
12. c3 N@g5 13. B@f5 P@g4 
{LINDEGREN resigns} 0-1

[Event "fics rated crazyhouse match"]
[Site "fics, Oklahoma City, OK USA"]
[Date "2000.12.02"]
[White "pminear"]
[WhiteElo "2558"]
[Black "LINDEGREN"]
[BlackElo "2370"]
[TimeControl "60+0"]
[Result "1-0"]

1. e4 e6 2. Nc3 b6 3. d4 Bb7 4. Bd3 Nf6 5. Bg5 Be7 6. Nf3 
Nc6 7. e5 Nd5 8. Bxe7 Qxe7 9. Nxd5 exd5 10. B@h4 f6 11. N@f5 Qf7 
12. exf6 gxf6 13. Qe2+ P@e6 14. Nh6 Qe7 15. P@e5 N@f4 16. exf6 Nxg2+ 17. Kd1 
Nxh4 18. fxe7 Nxe7 19. P@f7+ Kd8 20. Nxh4 P@e4 21. Q@g7 c5 22. Qxh8+ Kc7 
23. N@b5# 
{LINDEGREN resigns} 1-0

[Event "fics rated crazyhouse match"]
[Site "fics, Oklahoma City, OK USA"]
[Date "2000.12.02"]
[White "LINDEGREN"]
[WhiteElo "2366"]
[Black "pminear"]
[BlackElo "2562"]
[TimeControl "60+0"]
[Result "1-0"]

1. e4 e5 2. g3 Nc6 3. Bg2 Nf6 4. d3 Bc5 5. Nf3 d6 6. O-O 
Bg4 7. h3 Be6 8. Nc3 h6 9. Be3 Bxe3 10. fxe3 B@c8 11. Kh2 g5 
12. Nxg5 hxg5 13. P@f5 N@g4+ 14. Kg1 Nxe3 15. Qe2 Nxf1 16. Rxf1 Nd4 17. Qf2 
Bxf5 18. exf5 Nxf5 19. B@e4 P@e3 20. Qe2 P@f2+ 21. Rxf2 exf2+ 22. Qxf2 P@e3 
23. Qe1 Nxg3 24. N@g7+ Kf8 25. Qxg3 P@f2+ 26. Kh2 Ng4+ 27. Qxg4 Bxg4 28. N@e6+ 
Bxe6 29. Nxe6+ fxe6 30. P@g7+ Kxg7 31. N@e2 N@g4+ 32. Kg3 Q@h2+ 33. Kxg4 Rh4+ 
34. Kf3 N@e1+ 35. Kxe3 Qf4+ 36. Nxf4 gxf4+ 37. Ke2 R@e3+ 38. Kf1 N@g3+ 39. Kxf2 
{pminear forfeits on time} 1-0

[Event "fics rated crazyhouse match"]
[Site "fics, Oklahoma City, OK USA"]
[Date "2000.12.02"]
[White "pminear"]
[WhiteElo "2550"]
[Black "LINDEGREN"]
[BlackElo "2378"]
[TimeControl "60+0"]
[Result "1-0"]

1. e4 e6 2. Nc3 g6 3. d4 Bg7 4. e5 d6 5. Bf4 h6 6. exd6 
cxd6 7. Nf3 Nc6 8. Bb5 Ne7 9. Bxc6+ bxc6 10. P@e5 P@c7 11. exd6 cxd6 
12. P@e5 P@c7 13. N@e4 Nf5 14. exd6 cxd6 15. Nxd6+ Nxd6 16. Bxd6 Qxd6 17. P@e5 
Qd7 18. N@d6+ Kf8 19. P@f6 P@e7 20. fxe7+ Qxe7 21. P@f6 Bxf6 22. exf6 Qxf6 
23. B@e5 Qe7 24. Nxc8 Rxc8 25. B@d6 B@d8 26. Bxe7+ Bxe7 27. Bxh8 N@f5 28. Q@d7 
Re8 29. Qxc6 N@f4 30. P@d7 Nxg2+ 31. Kf1 Nge3+ 32. fxe3 Nxe3+ 33. Ke2 Rd8 
34. R@e8# 
{LINDEGREN resigns} 1-0

[Event "fics rated crazyhouse match"]
[Site "fics, Oklahoma City, OK USA"]
[Date "2000.12.02"]
[White "LINDEGREN"]
[WhiteElo "2374"]
[Black "pminear"]
[BlackElo "2554"]
[TimeControl "60+0"]
[Result "0-1"]

1. e4 e5 2. Nf3 Nc6 3. g3 Nf6 4. Bg2 Nxe4 5. d3 Nxf2 6. Kxf2 
Bc5+ 7. Kf1 P@g4 8. Nfd2 Nd4 9. Ne4 P@e2+ 10. Qxe2 Nxe2 11. Kxe2 d6 
12. N@h5 Rg8 13. P@f3 gxf3+ 14. Bxf3 P@g4 15. Bg2 Bf5 16. Nf2 Bxf2 17. Kxf2 
N@h3+ 18. Bxh3 Q@f3+ 19. Ke1 gxh3 20. Rf1 Qxh5 21. B@e2 N@g2+ 22. Kd1 B@g4 
23. P@f3 Bxf3 24. Bxf3 Bg4 25. B@e2 Bxf3 26. Bxf3 P@g4 27. B@e2 gxf3 28. Bxf3 
B@g4 29. P@e2 Bxf3 30. exf3 B@c6 31. B@e2 B@d5 32. N@g1 Qf6 33. N@g4 Qxg4 
34. fxg4 N@e3+ 35. Bxe3 Nxe3+ 36. Kc1 Nxf1 37. N@f5 Qxf5 38. gxf5 B@e3+ 39. Nd2 
R@e1+ 40. Q@d1 Bxd2+ 41. Kb1 Rxd1+ 42. Bxd1 Q@c1# 
{LINDEGREN checkmated} 0-1

[Event "fics rated crazyhouse match"]
[Site "fics, Oklahoma City, OK USA"]
[Date "2000.12.02"]
[White "pminear"]
[WhiteElo "2558"]
[Black "LINDEGREN"]
[BlackElo "2370"]
[TimeControl "60+0"]
[Result "1-0"]

1. e4 e6 2. Nc3 g6 3. d4 Bg7 4. Bf4 h6 5. Nf3 Ne7 6. e5 
O-O 7. Qd2 Kh7 8. h4 f6 9. exf6 Rxf6 10. Be5 Nbc6 11. Bxf6 Bxf6 
12. P@g5 P@g7 13. gxf6 gxf6 14. Ne4 Nd5 15. B@g5 P@f5 16. Nxf6+ Nxf6 17. R@f7+ 
B@g7 18. Bxh6 N@e8 19. Bxg7 Nxg7 20. Ng5+ Kg8 21. P@h7+ Kh8 22. Rxf6 Qxf6 
23. N@f7+ Qxf7 24. Nxf7+ Kxh7 25. Q@h8# 
{LINDEGREN checkmated} 1-0

[Event "fics rated crazyhouse match"]
[Site "fics, Oklahoma City, OK USA"]
[Date "2000.12.02"]
[White "LINDEGREN"]
[WhiteElo "2366"]
[Black "pminear"]
[BlackElo "2562"]
[TimeControl "60+0"]
[Result "0-1"]

1. e4 e5 2. Nf3 Nc6 3. g3 Nf6 4. Nc3 Bc5 5. Bg2 Ng4 6. O-O 
d6 7. d3 Nxf2 8. Rxf2 Bxf2+ 9. Kxf2 P@h3 10. Bh1 Nd4 11. Nxd4 exd4 
12. B@f5 Bxf5 13. exf5 B@e3+ 14. Bxe3 dxe3+ 15. Kxe3 Qe7+ 16. P@e4 B@h6+ 17. B@f4 
Bxf4+ 18. gxf4 B@b6+ 19. d4 N@c4+ 20. Kf2 Nxb2 21. Qd2 P@e5 22. B@e3 exd4 
23. Bxd4 Bxd4+ 24. Qxd4 B@c5 25. B@b5+ c6 26. Bxc6+ bxc6 27. B@e3 Bxd4 28. Bxd4 
P@g2 29. Bxg2 hxg2 30. Kxg2 Q@g4+ 31. B@g3 B@f3+ 32. Kf2 R@d2+ 33. Ke3 Re2+ 
34. Nxe2 Qxe4+ 35. Kd2 B@b4+ 36. Kc1 Qxe2 37. N@c7+ Kd7 38. P@e6+ fxe6 39. R@f7+ 
P@e7 40. fxe6+ Qexe6 41. Nxe6 Qxe6 42. Rxe7+ Kxe7 
{LINDEGREN forfeits on time} 0-1

[Event "fics rated crazyhouse match"]
[Site "fics, Oklahoma City, OK USA"]
[Date "2000.12.02"]
[White "pminear"]
[WhiteElo "2566"]
[Black "LINDEGREN"]
[BlackElo "2362"]
[TimeControl "60+0"]
[Result "1-0"]

1. e4 e6 2. Nc3 b6 3. d4 Bb7 4. Bd3 Nf6 5. Bg5 Be7 6. Nf3 
d6 7. e5 Nbd7 8. exf6 Nxf6 9. Bxf6 Bxf6 10. N@h5 B@e7 11. N@g4 P@f5 
12. Ngxf6+ Bxf6 13. Nxf6+ gxf6 14. B@g7 Rg8 15. Bxf6 Qxf6 16. P@e5 Qd8 17. Bb5+ 
B@c6 18. Bxc6+ Bxc6 19. B@f6 Qd7 20. exd6 cxd6 21. P@e5 B@g4 22. exd6 Bgxf3 
23. gxf3 N@g2+ 24. Kd2 N@c4+ 25. Kc1 P@a3 26. bxa3 Bxf3 27. P@b2 Bxd1 28. Rxd1 
P@d2+ 29. Kb1 Nxa3+ 30. bxa3 N@c4 31. B@b2 Nxb2 32. N@c7+ Qxc7 33. dxc7 Q@c1+ 
34. Rxc1 dxc1=Q+ 35. Kxc1 B@f4+ 36. P@e3 N@d5 37. Nxd5 Kd7 38. Q@e7+ Kc6 39. c8=Q+ 
Kxd5 40. Q@c6# 
{LINDEGREN checkmated} 1-0

[Event "fics rated crazyhouse match"]
[Site "fics, Oklahoma City, OK USA"]
[Date "2000.12.02"]
[White "LINDEGREN"]
[WhiteElo "2358"]
[Black "pminear"]
[BlackElo "2570"]
[TimeControl "60+0"]
[Result "0-1"]

1. e4 e5 2. d3 Nc6 3. Nc3 Nf6 4. Be3 d5 5. exd5 Nxd5 6. Nxd5 
Qxd5 7. Nf3 P@f4 8. Be2 fxe3 9. fxe3 N@g4 10. P@f2 B@b6 11. O-O Nxf2 
12. Rxf2 Bxe3 13. Qf1 Bxf2+ 14. Qxf2 P@g4 15. Nd2 Bc5 16. P@e3 P@f4 17. N@c4 
fxe3 18. Nxe3 Bxe3 19. Qxe3 P@f4 20. Qf2 g3 21. hxg3 fxg3 22. Qxg3 N@f4 
23. Qxg7 Nxe2+ 24. Kf2 B@h4+ 25. Kxe2 Nd4+ 26. Kf1 R@h1+ 27. B@g1 P@e2# 
{LINDEGREN checkmated} 0-1

[Event "fics rated crazyhouse match"]
[Site "fics, Oklahoma City, OK USA"]
[Date "2000.12.02"]
[White "pminear"]
[WhiteElo "2574"]
[Black "LINDEGREN"]
[BlackElo "2354"]
[TimeControl "60+0"]
[Result "1-0"]

1. e4 e6 2. Nc3 d6 3. d4 g6 4. Nf3 Bg7 5. Bf4 h6 6. e5 
Nd7 7. Bb5 d5 8. h4 h5 9. Bg5 Ne7 10. Bxd7+ Bxd7 11. N@f6+ Kf8 
12. Nxd7+ Qxd7 13. Bxe7+ Qxe7 14. B@f6 Bxf6 15. exf6 Qxf6 16. N@d7+ Kg7 17. Nxf6 
B@e7 18. B@e5 Kf8 19. Nd7+ Ke8 20. Bxh8 B@d6 21. Nde5 B@d7 22. Q@g8+ N@f8 
23. Qxf7+ Kd8 24. P@f6 Be8 25. fxe7+ Bxe7 26. Qg8 P@f6 27. Bxf6 Bxf6 28. Qxf8 
B@e7 29. R@d7+ Kc8 30. Qxe8# 
{LINDEGREN resigns} 1-0

[Event "fics rated crazyhouse match"]
[Site "fics, Oklahoma City, OK USA"]
[Date "2000.12.02"]
[White "LINDEGREN"]
[WhiteElo "2350"]
[Black "pminear"]
[BlackElo "2578"]
[TimeControl "60+0"]
[Result "0-1"]

1. d4 d5 2. Nc3 Nf6 3. Bf4 e6 4. Nf3 Bb4 5. e3 Ne4 6. Bb5+ 
Bd7 7. Bxd7+ Nxd7 8. B@d2 Nxd2 9. Nxd2 Bxc3 10. bxc3 N@h4 11. O-O Nxg2 
12. Kxg2 B@f5 13. N@h5 Rg8 14. B@g3 B@g4 15. f3 Bxh5 16. N@h4 P@h3+ 17. Kg1 
Bxf3 18. Ndxf3 P@g2 19. Re1 Be4 20. B@d3 Bxf3 21. Nxf3 N@g4 22. Bxc7 Qxc7 
23. B@e5 Ndxe5 24. Nxe5 B@f2+ 25. Bxf2 Nxf2 26. Kxf2 B@d6 27. B@g3 Bxe5 28. dxe5 
B@h6 29. N@d6+ Kf8 30. Nb5 Qd8 31. B@d6+ N@e7 32. Bxe7+ Qxe7 33. P@d6 Qd8 
34. Bxh7 B@g5 35. P@e7+ Bxe7 36. dxe7+ Kxe7 37. Bd3 f6 38. B@d6+ Ke8 39. Qh5+ 
P@f7 40. Qxf7+ Kxf7 41. N@g5+ Ke8 42. P@f7+ Kd7 43. Nxe6 Kc6 44. Ke2 Kb6 
45. Kd2 Ka5 
{LINDEGREN forfeits on time} 0-1

[Event "fics rated crazyhouse match"]
[Site "fics, Oklahoma City, OK USA"]
[Date "2000.12.02"]
[White "pminear"]
[WhiteElo "2581"]
[Black "LINDEGREN"]
[BlackElo "2347"]
[TimeControl "60+0"]
[Result "0-1"]

1. e4 e6 2. Nc3 Nf6 3. e5 d5 4. Nxd5 Nxd5 5. d4 Nc6 6. Nf3 
Bd7 7. Be2 Bb4+ 8. c3 Nxc3 9. bxc3 Bxc3+ 10. Bd2 Bxd4 11. Nxd4 Nxd4 
12. O-O Bc6 13. B@f3 Nxe2+ 14. Qxe2 N@d4 15. Bxc6+ bxc6 16. Qg4 P@g6 17. P@h6 
B@f5 18. hxg7 Rg8 19. N@f6+ Qxf6 20. exf6 B@d6 21. P@e7 Bxg4 22. Q@f8+ Kd7 
23. B@e4 N@h3+ 24. gxh3 N@f3+ 25. Kh1 P@g2+ 26. Kxg2 Bxh3+ 27. Kxh3 P@g4+ 28. Kxg4 
Q@g2+ 29. B@g3 h5# 
{pminear checkmated} 0-1

[Event "fics rated crazyhouse match"]
[Site "fics, Oklahoma City, OK USA"]
[Date "2000.12.02"]
[White "LINDEGREN"]
[WhiteElo "2360"]
[Black "pminear"]
[BlackElo "2568"]
[TimeControl "60+0"]
[Result "0-1"]

1. e4 e5 2. Nf3 Nc6 3. Bc4 Bc5 4. O-O Nf6 5. Nc3 O-O 6. d3 
d6 7. h3 Nd4 8. Nxd4 Bxd4 9. Ne2 Bb6 10. Ng3 N@h4 11. Bg5 Nxg2 
12. Kxg2 P@g4 13. hxg4 Bxg4 14. P@f3 Bxf3+ 15. Qxf3 P@g4 16. Qd1 P@f3+ 17. Kh2 
Bxf2 18. Rxf2 P@f4 19. N@f5 fxg3+ 20. Nxg3 N@h3 21. Rf1 Nxg5 22. N@f5 B@f4 
23. P@e7 Bxg3+ 24. Kxg3 Nfxe4+ 25. dxe4 Nxe4+ 26. Kh2 g3+ 27. Nxg3 N@g4+ 28. Kg1 
P@h2+ 29. Kh1 Nxg3# 
{LINDEGREN checkmated} 0-1

[Event "fics rated crazyhouse match"]
[Site "fics, Oklahoma City, OK USA"]
[Date "2000.12.02"]
[White "pminear"]
[WhiteElo "2572"]
[Black "LINDEGREN"]
[BlackElo "2356"]
[TimeControl "60+0"]
[Result "1-0"]

1. e4 e6 2. Nc3 Nf6 3. e5 Nd5 4. Nxd5 exd5 5. d4 d6 6. Nf3 
Be7 7. Bb5+ c6 8. Bd3 N@e4 9. N@h5 Rg8 10. Qe2 Bf5 11. exd6 Bxd6 
12. P@e5 Bb4+ 13. Bd2 Nxd2 14. Nxd2 Bxd3 15. cxd3 P@e6 16. N@f6+ gxf6 17. Nxf6+ 
Qxf6 18. exf6 N@f4 19. P@e7 Nd7 20. B@c7 Nxg2+ 21. Kd1 B@a5 22. Q@d8# 
{LINDEGREN resigns} 1-0

[Event "fics rated crazyhouse match"]
[Site "fics, Oklahoma City, OK USA"]
[Date "2000.12.02"]
[White "LINDEGREN"]
[WhiteElo "2352"]
[Black "pminear"]
[BlackElo "2576"]
[TimeControl "60+0"]
[Result "0-1"]

1. e4 e5 2. Nf3 Nc6 3. Bc4 Bc5 4. O-O Nf6 5. Nc3 O-O 6. d3 
d6 7. h3 Nd4 8. Nxd4 Bxd4 9. Bg5 N@g3 10. Kh2 Nxf1+ 11. Qxf1 R@g6 
12. Bxf6 Qxf6 13. Nd5 Qxf2 14. N@e7+ Kh8 15. Nxg6+ hxg6 16. R@h6+ gxh6 17. Qxf2 
Bxf2 18. Q@f6+ P@g7 19. Qxf2 R@h5 20. B@f3 B@g4 21. Bxg4 Bxg4 22. B@f6 gxf6 
23. Qxf6+ B@g7 24. Qf2 Bxh3 25. gxh3 N@g4+ 26. Kg2 Q@h2# 
{LINDEGREN resigns} 0-1

[Event "fics rated crazyhouse match"]
[Site "fics, Oklahoma City, OK USA"]
[Date "2000.12.02"]
[White "pminear"]
[WhiteElo "2579"]
[Black "LINDEGREN"]
[BlackElo "2349"]
[TimeControl "60+0"]
[Result "1-0"]

1. e4 e6 2. Nc3 g6 3. d4 Bg7 4. Bf4 h6 5. Qd2 d6 6. Rd1 
Nc6 7. e5 Bd7 8. Nb5 d5 9. h4 a6 10. Nxc7+ Qxc7 11. P@f6 Nxf6 
12. exf6 Bxf6 13. Bxc7 N@e4 14. N@d6+ Nxd6 15. Bxd6 
{LINDEGREN resigns} 1-0

[Event "fics rated crazyhouse match"]
[Site "fics, Oklahoma City, OK USA"]
[Date "2000.12.02"]
[White "LINDEGREN"]
[WhiteElo "2346"]
[Black "pminear"]
[BlackElo "2582"]
[TimeControl "60+0"]
[Result "1-0"]

1. e4 e5 2. c3 Nf6 3. d3 d5 4. exd5 Nxd5 5. Nf3 Nc6 6. Be2 
Bc5 7. O-O P@e3 8. fxe3 Bxe3+ 9. Bxe3 Nxe3 10. Qe1 Nxf1 11. Bxf1 B@f4 
12. P@g3 R@e3 13. P@e2 P@g4 14. Nh4 Bg5 15. B@f2 Bxh4 16. Bxe3 Bg5 17. Bf2 
N@e3 18. N@h5 Rg8 19. Na3 Nxf1 20. Qxf1 B@e3 21. N@d1 Bxf2+ 22. Nxf2 B@e3 
23. B@e1 Qd6 24. Nc4 Qh6 25. Nxe3 Bxe3 26. R@h4 N@g6 27. Nf6+ gxf6 28. Rxh6 
Bxh6 29. B@e4 N@e3 30. Bxg6 Rxg6 31. N@f5 Bxf5 32. Ne4 B@f8 33. Nxf6# 
{pminear forfeits on time} 1-0

[Event "fics rated crazyhouse match"]
[Site "fics, Oklahoma City, OK USA"]
[Date "2000.12.02"]
[White "pminear"]
[WhiteElo "2569"]
[Black "LINDEGREN"]
[BlackElo "2359"]
[TimeControl "60+0"]
[Result "1-0"]

1. e4 e6 2. Nc3 d6 3. d4 Nc6 4. Nf3 Nf6 5. d5 Be7 6. dxc6 
bxc6 7. Nd4 Bd7 8. Be2 O-O 9. O-O c5 10. N@c6 cxd4 11. Nxd8 dxc3 
12. bxc3 Rfxd8 13. P@h6 Bf8 14. hxg7 Bxg7 15. P@h6 Bh8 16. Bh5 N@g6 17. Bxg6 
hxg6 18. N@e7+ Kf8 19. Nxg6+ fxg6 20. P@g7+ Bxg7 21. hxg7+ Kf7 22. B@h4 Rg8 
23. Bxf6 Kxf6 24. Qf3+ P@f5 25. exf5 exf5 26. N@d5+ Kxg7 27. P@h6+ Kh8 28. Q@f6+ 
Kh7 29. Qf7+ B@g7 30. Nf6+ Kh8 31. hxg7+ Rxg7 32. Qxg7+ Kxg7 33. R@h7+ Kxf6 
34. B@h4+ Ke6 35. Re1+ N@e5 36. Rxe5+ dxe5 37. Re7+ Kd6 38. N@b7# 
{LINDEGREN checkmated} 1-0

[Event "fics rated crazyhouse match"]
[Site "fics, Oklahoma City, OK USA"]
[Date "2000.12.02"]
[White "LINDEGREN"]
[WhiteElo "2355"]
[Black "pminear"]
[BlackElo "2573"]
[TimeControl "60+0"]
[Result "0-1"]

1. d4 d5 2. Nc3 Nf6 3. Nf3 e6 4. Bg5 Bb4 5. e3 Bxc3+ 6. bxc3 
N@e4 7. Bb5+ Bd7 8. Bxd7+ Nbxd7 9. B@d2 Nxf2 10. Bxf6 Nxf6 11. Kxf2 Ne4+ 
12. Kf1 B@h5 13. B@g3 B@b2 14. N@f4 Bxf3 15. gxf3 Bxc3 16. fxe4 Bxd2 17. Qxd2 
B@f3 18. B@g2 P@e2+ 19. Nxe2 Bxg2+ 20. Kxg2 B@g4 21. Ng1 dxe4 22. h3 P@f3+ 
23. Kh2 P@g2 24. N@f4 gxh1=Q+ 25. Kxh1 Bxh3 26. Nxf3 P@g2+ 27. Nxg2 exf3 28. Nf4 
N@f5 29. B@f2 Nxg3+ 30. Bxg3 B@g2+ 31. Kh2 N@g4+ 32. Kg1 R@h1# 
{LINDEGREN checkmated} 0-1

[Event "fics rated crazyhouse match"]
[Site "fics, Oklahoma City, OK USA"]
[Date "2000.12.02"]
[White "pminear"]
[WhiteElo "2577"]
[Black "LINDEGREN"]
[BlackElo "2351"]
[TimeControl "60+0"]
[Result "1-0"]

1. e4 e6 2. Nc3 d5 3. exd5 exd5 4. Bb5+ Nc6 5. Qe2+ P@e6 6. Nf3 
a6 7. Bxc6+ bxc6 8. Ne5 B@d7 9. Nxf7 Kxf7 10. N@e5+ Ke7 11. d4 Nf6 
12. P@g5 N@f5 13. gxf6+ gxf6 14. N@g6+ hxg6 15. Nxg6+ Ke8 16. P@f7+ Kxf7 17. Nxh8+ 
Kg8 18. P@f7+ Kxh8 19. Qh5+ P@h6 20. R@g8+ Kh7 21. Qg6# 
{LINDEGREN checkmated} 1-0